 Dungeon Crawl Stone Soup version 0.28.0-62-gf88900778d (webtiles) character file.

Game seed: 10030230300704368671

52 cbfl8 the Chopper (level 3, -4/33 HPs)
             Began as a Hill Orc Berserker on July 20, 2023.
             Was a Follower of Trog.
             Slain by Terence
             ... wielding a +4 mace of protection
              (6 damage)
             ... on level 3 of the Dungeon.
             The game lasted 00:02:31 (1833 turns).

cbfl8 the Chopper (Hill Orc Berserker)              Turns: 1833, Time: 00:02:32

Health: -4/33      AC:  3    Str: 19    XL:     3   Next: 85%
Magic:  3/3        EV: 12    Int:  7    God:    Trog [*.....]
Gold:   39         SH:  0    Dex: 12    Spells: 2/2 levels left

rFire   . . .      SeeInvis .   a - +0 hand axe
rCold   . . .      Faith    .   (no shield)
rNeg    . . .      Spirit   .   b - +0 animal skin
rPois   +          Reflect  .   c - +0 helmet
rElec   .          Harm     .   (no cloak)
rCorr   .          Rampage  .   (no gloves)
Will    .....                   (no boots)
Stlth   +.........              (no amulet)
HPRegen 0.11/turn               i - ring of poison resistance
MPRegen 0.08/turn               (no ring)

@: no status effects
A: no striking features
a: Renounce Religion, Berserk


You were on level 3 of the Dungeon.
You worshipped Trog.
Trog was aware of your devotion.
You visited 1 branch of the dungeon, and saw 3 of its levels.

You collected 39 gold pieces.

Inventory:

Hand Weapons
 a - a +0 hand axe (weapon)
Armour
 b - a +0 animal skin (worn)
 c - a +0 helmet (worn)
Jewellery
 i - a ring of poison resistance (left hand)
Scrolls
 d - a scroll of fear {unknown}
 e - a scroll of teleportation {unknown}
 f - a scroll of identify {unknown}
 l - a scroll of noise {unknown}
Potions
 g - 2 potions of degeneration {unknown}
 h - a potion of mutation {unknown}
 j - a potion of might {unknown}
 k - a potion of curing {unknown}


   Skills:
 + Level 4.0 Fighting
 + Level 5.1 Axes
 + Level 2.3 Armour
 + Level 1.8 Dodging
 * Level 1.2 Evocations


You had 2 spell levels left.
You didn't know any spells.
Your spell library was empty.

Dungeon Overview and Level Annotations

Branches:
Dungeon (3/15)

Altars:

Annotations:
D:3 Terence


Message History

No target in view!
No target in view!
No target in view!
Found an escape hatch in the floor.
l - a scroll labelled CIOZEN JEOMME Terence the Incautious comes into view.
He is wielding a +4 mace of protection.
Terence is nearby!
You see here 2 fuming coppery potions.
Terence is nearby!
Terence says, "Time to say good-bye..."
You hit Terence but do no damage.
Terence hits you with a +4 mace of protection.
Terence is nearby!
Terence is nearby!
You hit Terence but do no damage.
Terence hits you with a +4 mace of protection!
You barely miss Terence.
Terence hits you with a +4 mace of protection!
You are too injured to fight recklessly!
You are too injured to fight recklessly!
Terence is nearby!
Terence is nearby!
You are too injured to fight recklessly!
You are too injured to fight recklessly!
You are too injured to fight recklessly!
You are too injured to fight recklessly!
You are too injured to fight recklessly!
You hit Terence.
Terence is lightly wounded.
Terence closely misses you.
You see here 2 fuming coppery potions.
There is an escape hatch in the floor here.
Terence hits you with a +4 mace of protection!
* * * LOW HITPOINT WARNING * * *
You slide downwards.
The hatch slams shut behind you.
Found a spear.
Found a scroll labelled CAGOHURITTE.
Found 11 gold pieces.
Terence hits you with a +4 mace of protection.
You die...

### ### #### .. ....
... .. #...###.##.
########. .$........
..........
#........#####.....##.
......................
#.......@#####.....##
#......@?# #.....#
#.#......# #.....#
#.......... #.....#
#.#..........#....)#
.............#.....#
.............#.....#
#....................
##..#.....############


You could see Terence.

Vanquished Creatures
  2 adders (D:2)
  A dart slug (D:1)
  An endoplasm (D:1)
  A giant cockroach (D:1)
  2 goblins (D:1)
  2 hobgoblins (D:1)
  3 jackals (D:1)
  4 quokkas (D:1)
  2 ball pythons (D:1)
  2 bats (D:1)
  A frilled lizard (D:1)
  5 kobolds
  4 rats (D:1)
30 creatures vanquished.

Notes
Turn   | Place    | Note
-------+----------+-------------------------------------------
     0 | D:1      | cbfl8 the Hill Orc Berserker began the quest for the Orb.
     0 | D:1      | Reached XP level 1. HP: 19/19 MP: 1/1
   489 | D:1      | Reached XP level 2. HP: 24/27 MP: 2/2
  1016 | D:1      | Reached skill level 1 in Evocations
  1023 | D:1      | Reached XP level 3. HP: 28/33 MP: 3/3
  1634 | D:2      | Reached skill level 5 in Axes
  1713 | D:2      | Found a faded altar of an unknown god.
  1809 | D:2      | Noticed Terence
  1821 | D:2      | HP: 1/33 [Terence/+4 mace of protection (10)]
  1833 | D:3      | Slain by Terence

Illustrated notes

Levels and vault maps discovered:
D:1:      lightli_arrival_quake, layout_rooms, serial_co_window_serial,
          co_window_of_opportunity_a, co_window_corner_a, co_window_paths_b,
          co_window_of_opportunity_a, co_window_paths_a, co_window_paths_c,
          co_window_2corner, co_window_broadway_c, co_window_cross_2,
          co_window_sun, glass_columns_c, glass_columns_c, glass_columns_b,
          minmay_bisected
D:2:      layout_loops_cross, nicolae_ecumenical_oubliette, uniq_terence
D:3:      kb_forest_paths, layout_basic, vehumet_crystals

Skill      XL: |  1  2  3 |
---------------+----------+-----
Evocations     | 1 |  1.2
Fighting       | 4 |  4.0
Axes           | 5 |  5.1
Armour         | |  2.3
Dodging        | |  1.8

Action                   || total
-------------------------++-------
Melee: Hand axe          ||    99
       Punch             ||     1
 Stab: Sleeping          ||     1
Armor: Animal skin       ||    21
Dodge: Dodged            ||    58
